 Dungeon Crawl Stone Soup version 0.31-a0-237-g2d982f9f85 (webtiles) character file.

Game seed: 3081808062284874250

378 cforsyth the Ruffian (level 6, -7/55 HPs)
             Began as an Ogre Transmuter on July 11, 2023.
             Mangled by Duvessa
             ... wielding a +1 short sword of venom
              (8 damage)
             ... on level 4 of the Dungeon.
             The game lasted 00:08:22 (4037 turns).

cforsyth the Ruffian (Ogre Transmuter)              Turns: 4037, Time: 00:08:23

Health: -7/55      AC:  2    Str: 15    XL:     6   Next: 74%
Magic:  7/9        EV: 18    Int: 22    God:
Gold:   272        SH:  0    Dex: 14    Spells: 0/9 levels left

rFire   . .          .
                       - Unarmed
rCold   . . .        (shield currently unavailable)
rNeg    . . .        a - melded +1 robe
rPois   x            (helmet currently unavailable)
rElec   .            (cloak currently unavailable)
rCorr   .            (gloves unavailable)
SInv    +            (boots unavailable)
Will    .....        (no amulet)
Stlth   +            p - ring of see invisible
HPRegen 0.29/turn    n - +6 ring of intelligence
MPRegen 0.11/turn

%: no passive effects
@: lethally poisoned (-7 -> -72), spider-form (expiring)
A: venomous fangs, tiny, unfitting armour, (tough skin 1)
a: End Transformation


You were on level 4 of the Dungeon.
You were a venomous arachnid creature.
You visited 1 branch of the dungeon, and saw 4 of its levels.
You also visited: Sewer.

You collected 272 gold pieces.

Inventory:

Armour
 a - a +1 robe (melded)
Jewellery
 n - a +6 ring of intelligence (right front pincers)
 p - a ring of see invisible (left front pincers)
Wands
 g - a wand of acid (6)
Scrolls
 d - 2 scrolls of poison
 i - 3 scrolls of fog {unknown}
 l - a scroll of teleportation
 m - a scroll of revelation {unknown}
 o - a scroll of enchant armour
 r - a scroll of amnesia
 s - a scroll of summoning {unknown}
Potions
 b - 4 potions of lignification
 c - 2 potions of heal wounds
 e - 2 potions of attraction
 f - 3 potions of invisibility
 h - a potion of curing {unknown}
 j - 2 potions of cancellation {unknown}
 k - a potion of mutation
 q - a potion of haste


   Skills:
 - Level 1.3 Fighting
 - Level 1.7 Dodging
 + Level 6.7 Unarmed Combat
 - Level 2.4 Spellcasting
 - Level 1.7 Transmutations


You couldn't memorise any spells.
You knew the following spells:

 Your Spells              Type           Power      Damage    Failure   Level
a - Beastly Appendage     Tmut           20%        N/A       17%         1
b - Wereblood             Tmut           10%        N/A       24%         2
c - Spider Form           Tmut/Pois      6%         N/A       50%         3
e - Swiftness             Air            2%         N/A       58%         3

Your spell library contained the following spells:

 Spells                   Type           Power      Damage    Failure   Level
 Passwall                 Tmut/Erth      5%         N/A       32%         2
 Ensorcelled Hibernation  Hex/Ice        4%         N/A       41%         2
 Ice Form                 Ice/Tmut       6%         N/A       85%         4
 Anguish                  Hex/Necr       1%         N/A       91%         4
 Fulminant Prism          Conj/Hex       1%         3d5       91%         4
 Lee's Rapid Deconstruct  Erth           1%         3d4*      99%         5
 Enfeeble                 Hex            1%         N/A       100%        7


Dungeon Overview and Level Annotations

Branches:
Dungeon (4/15)              Sewer (visited)
 Temple: D:4-7

Altars:
Gozag
Vehumet
Wu Jian
The Shining One

Annotations:
D:4 Duvessa


Innate Abilities, Weirdness & Mutations

You are a venomous arachnid creature.
You have venomous fangs.
You are tiny and dextrous.
Your spellcasting is less reliable in this form.
Your armour is entirely melded.
You are incapable of wielding weapons or throwing items.
You are too large for most types of armour.
((You have tough skin. (AC +1)))


Message History

Adjust (i)tems, (s)pells, or (a)bilities?
Adjust which spell? d - Spider Form Adjust to which letter? c - Spider Form
Casting: Beastly Appendage (safe; 6% risk of failure)
Confirm with . or Enter, or press ? or * to list all spells.
You turn into a venomous arachnid creature.
Your +1 robe melds into your body.
Your transformation is almost over.
You hit Duvessa but do no damage.
Duvessa is poisoned.
Duvessa says, "Where magic fails, the sword succeeds!"
Duvessa closely misses you.
You bite Dowan!
Dowan is poisoned.
Dowan is moderately wounded.
You hit Dowan.
Dowan looks as sick as possible!
Dowan is heavily wounded.
Duvessa closely misses you. Dowan hits you with a +0 dagger.
You hit Dowan but do no damage.
Dowan is heavily wounded.
Duvessa misses you. Dowan completely misses you.
You bite Dowan!
You kill Dowan!
Duvessa screams in rage.
Duvessa goes berserk!
Duvessa hits you with a +1 short sword of venom!
You are lethally poisoned!
You barely miss Duvessa.
Duvessa is lightly wounded.
You feel extremely sick.
Duvessa hits you with a +1 short sword of venom!
* * * LOW HITPOINT WARNING * * *
You are more poisoned.
Duvessa completely misses you.
You hit Duvessa.
Duvessa looks as sick as possible!
Duvessa is moderately wounded.
* * * LOW HITPOINT WARNING * * *
You feel extremely sick.
Duvessa hits you with a +1 short sword of venom!
You die...

.....e....รท..###..###
........#'#..##...#
........#.#.....###
........#.#...#.##
###.....#.#......#
.##....##.##.....##
.##....#...#......#
.......#._.#(..e).### ####
.##.#..#...#...#s...## #..###
....#..##.##..###....###....#
........#.#..## #...##.#...##
........#.#.#####......#....#
...##...#.#.##..............#
.###....#+#.##...........>..#
## ##.......#.......##...#.##
# #.######......##....#### #
### ##...........#


You could see Duvessa (berserk, extremely poisoned).

Vanquished Creatures
  Pargi (Sewer)
  Dowan (D:4)
  A hound (D:4)
  10 adders
  A river rat (D:3)
  A worm (D:2)
  3 dart slugs
  11 ball pythons
  6 endoplasms
  16 giant cockroaches
  9 goblins
  11 hobgoblins
  3 jackals (D:1)
  4 kobolds
  A quokka (D:2)
  7 bats
  6 frilled lizards
  8 rats
100 creatures vanquished.

Notes
Turn   | Place    | Note
-------+----------+-------------------------------------------
     0 | D:1      | cforsyth the Ogre Transmuter began the quest for the Orb.
     0 | D:1      | Reached XP level 1. HP: 19/19 MP: 3/3
   158 | D:1      | Reached skill level 3 in Unarmed Combat
   175 | D:1      | Reached XP level 2. HP: 27/27 MP: 3/5
   307 | D:1      | Got Sif Muna's Elucidation of the Plateau and Anathema
   370 | D:1      | Reached XP level 3. HP: 32/33 MP: 6/6
   571 | D:1      | Found a faded altar of an unknown god.
  1165 | D:2      | Reached skill level 4 in Unarmed Combat
  1415 | D:2      | Reached XP level 4. HP: 17/41 MP: 7/7
  1724 | D:2      | Found an ornate altar of the Wu Jian Council.
  2189 | D:3      | Reached skill level 5 in Unarmed Combat
  2258 | D:3      | Reached XP level 5. HP: 48/48 MP: 5/8
  2273 | D:3      | Found a glowing drain.
  2284 | Sewer    | Entered a sewer
  2378 | Sewer    | Noticed Pargi
  2396 | Sewer    | Killed Pargi
  2397 | Sewer    | Reached XP level 6. HP: 9/55 MP: 9/9
  2699 | D:3      | Reached skill level 6 in Unarmed Combat
  3382 | D:4      | Found an opulent altar of Gozag.
  3382 | D:4      | Found a radiant altar of Vehumet.
  3599 | D:4      | Noticed Dowan
  3600 | D:4      | Noticed Duvessa
  3625 | D:3      | Learned a level 2 spell: Wereblood
  3629 | D:3      | Learned a level 3 spell: Swiftness
  3633 | D:3      | Learned a level 3 spell: Spider Form
  3932 | D:4      | Found a glowing golden altar of the Shining One.
  4035 | D:4      | Killed Dowan
  4037 | D:4      | HP: 1/55 [poisoned by Duvessa]
  4037 | D:4      | Mangled by Duvessa

Illustrated notes

Levels and vault maps discovered:
D:1:      lightli_molten_gateway, layout_loops_ring,
          shapermc_ecumenical_altar_mp_vishouse
D:2:      minmay_roachtagon, layout_basic, basic_altar, minmay_misc_feat_square
D:3:      layout_rooms, portal_sewer_entry_a
D:4:      layout_cave_pools, mainiacjoe_overflow_large_starburst,
          mainiacjoe_overflow_surrounded_room, dreamdust_princess_bridge,
          fountainhead, uniq_duvessa

Skill      XL: |  1  2  3  4  5  6 |
---------------+-------------------+-----
Unarmed Combat | 3 4 5 6 |  6.7
Fighting       | |  1.3
Dodging        | |  1.7
Spellcasting   | |  2.4
Transmutations | |  1.7

Action                     |  1- 3 |  4- 6 || total
---------------------------+-------+-------++-------
  Melee: Unarmed           |   121 |   207 ||   328
         Kick              |    17 |    39 ||    56
         Headbutt          |    11 |    31 ||    42
         Punch             |     1 |     5 ||     6
   Cast: Beastly Appendage |    28 |    43 ||    71
         Spider Form       |       |     1 ||     1
    Use: Scroll            |       |     9 ||     9
 Armour: Robe              |    43 |    53 ||    96
  Dodge: Dodged            |    58 |   109 ||   167

Table legend: (Time is in decaauts)
 A = Elapsed time spent in this place.
 B = Non-inter-level travel time spent in this place.
 C = Inter-level travel time spent in this place.
 D = Time resting spent in this place.
 E = Time spent auto-exploring this place.
 F = Levels seen in this place.
 G = Mean time per level.
                   A        B        C        D        E       F      G
               +--------+--------+--------+--------+--------+-----+--------+
         Total |   4006 |   3937 |     69 |    200 |   2857 |   5 |  801.2 |
       Dungeon |   3676 |   3607 |     69 |    200 |   2612 |   4 |  919.0 |
         Sewer |    329 |    329 |      0 |      0 |    245 |   1 |  329.0 |
               +--------+--------+--------+--------+--------+-----+--------+

Top non-repeatable levels by time:
     D:1: 1150 daAuts
     D:2: 1004 daAuts
     D:3: 785 daAuts
     D:4: 736 daAuts
   Sewer: 329 daAuts
